 Dungeon Crawl Stone Soup version 0.29.1-12-g30fa7ad0bf (webtiles) character file.

Game seed: 1664598816351570202

137 bnorton916 the Magician (level 5, 0/28 HPs)
             Began as a Deep Elf Fire Elementalist on Jan 3, 2023.
             Slain by an iguana (14 damage)
             ... on level 4 of the Dungeon.
             The game lasted 00:01:27 (1953 turns).

bnorton916 the Magician (DEFE)                      Turns: 1953, Time: 00:01:28

Health: 0/28       AC:  2    Str:  5    XL:     5   Next: 0%
Magic:  4/14       EV: 12    Int: 22    God:
Gold:   95         SH:  0    Dex: 15    Spells: 10/13 levels left

rFire   . . .      SeeInvis .   h - +2 dagger (elec)
rCold   . . .      Faith    .   (no shield)
rNeg    . . .      Spirit   .   a - +0 robe
rPois   .          Reflect  .   (no helmet)
rElec   .          Harm     .   (no cloak)
rCorr   .          Rampage  .   (no gloves)
Will    .....                   (no boots)
Stlth   ++........              (no amulet)
HPRegen 0.09/turn               (no ring)
MPRegen 0.14/turn               (no ring)

@: no status effects
A: no striking features
a: no special abilities


You were on level 4 of the Dungeon.
You visited 1 branch of the dungeon, and saw 3 of its levels.

You collected 95 gold pieces.

Inventory:

Hand Weapons
 h - a +2 dagger of electrocution (weapon)
Armour
 a - a +0 robe (worn)
Jewellery
 j - an amulet of guardian spirit
Scrolls
 d - a scroll of teleportation {unknown}
 e - a scroll of noise {unknown}
Potions
 b - a potion of magic
 c - a potion of haste {unknown}
 f - a potion of brilliance {unknown}
 g - 2 potions of heal wounds {unknown}
 i - a potion of curing {unknown}
 k - 4 potions of might {unknown}
 l - a potion of degeneration {unknown}


   Skills:
 - Level 2.4 Dodging
 - Level 2.4 Stealth
 + Level 4.7 Spellcasting
 + Level 3.1 Conjurations
 + Level 4.4 Fire Magic


You had 10 spell levels left.
You knew the following spells:

 Your Spells              Type           Power      Damage    Failure   Level
a - Foxfire               Conj/Fire      88%        2x1d8     2%          1
b - Scorch                Fire           48%        2d7       2%          2

Your spell library contained the following spells:

 Spells                   Type           Power      Damage    Failure   Level
 Conjure Flame            Conj/Fire      22%        6-21      6%          3
 Necrotise                Necr           20%        1d5       11%         1
 Inner Flame              Hex/Fire       15%        N/A       12%         3
 Flame Wave               Conj/Fire      22%        2d8       22%         4
 Vampiric Draining        Necr           5%         2d6       30%         3
 Agony                    Necr           5%         N/A       96%         5


Dungeon Overview and Level Annotations

Branches:
Dungeon (4/15)
 Temple: D:4-7

Altars:


Message History

The scorpion is moderately wounded.
The foxfire hits the scorpion.
The scorpion is heavily wounded.
Casting: Foxfire (safe; 2% risk of failure)
Confirm with . or Enter, or press ? or * to list all spells.
You conjure some foxfire!
The foxfire hits the scorpion but does no damage.
The scorpion is heavily wounded.
The foxfire hits the scorpion but does no damage.
The scorpion is heavily wounded.
Casting: Foxfire (safe; 2% risk of failure)
Confirm with . or Enter, or press ? or * to list all spells.
Flames lash the scorpion.
The scorpion is almost dead.
The scorpion's fire resistance burns away.
You hear a shout!
The scorpion barely misses you. The scorpion stings you.
An orc comes into view. It is wielding a +0 dagger.
Casting: Scorch (safe; 3% risk of failure)
Confirm with . or Enter, or press ? or * to list all spells.
Flames lash the scorpion.
The scorpion is burned terribly!
You kill the scorpion!
Your Conjurations skill increases to level 3!
You have reached level 5!
Casting: Scorch (safe; 2% risk of failure)
Confirm with . or Enter, or press ? or * to list all spells.
Flames lash the iguana.
The iguana is moderately wounded.
The iguana's fire resistance burns away.
The iguana bites you! The iguana barely misses you.
Unknown command.
Casting: Scorch (safe; 2% risk of failure)
Confirm with . or Enter, or press ? or * to list all spells.
Flames lash the iguana.
The iguana is burned terribly!
The iguana is severely wounded.
The iguana bites you!
Ouch! That really hurt!
You die...

#.# #.# ...
#.# ..# #.#
...# #.# ...##
#.## ......
#..## #.....(
#...###†......
#.....@l.o....
#.............
#.>.........##
#[......#####
#..##...##
#.####†..# #.#
##..# ## #..#


You could see an iguana (combustible) and an orc.

Vanquished Creatures
  A scorpion (D:4)
  Natasha (D:2)
  3 adders
  A dart slug (D:4)
  3 endoplasms
  5 hobgoblins (D:1)
  4 jackals (D:2)
  A kobold (D:2)
  2 quokkas
  3 bats
  A frilled lizard (D:1)
  A rat (D:2)
26 creatures vanquished.

Vanquished Creatures (others)
  103 foxfires
103 creatures vanquished.

Grand Total: 129 creatures vanquished

Notes
Turn   | Place    | Note
-------+----------+-------------------------------------------
     0 | D:1      | bnorton916 the Deep Elf Fire Elementalist began the quest
                  | for the Orb.
     0 | D:1      | Reached XP level 1. HP: 10/10 MP: 6/6
   269 | D:1      | Found a faded altar of an unknown god.
   495 | D:1      | Reached XP level 2. HP: 11/15 MP: 1/8
  1419 | D:2      | Reached XP level 3. HP: 15/19 MP: 2/10
  1513 | D:2      | Noticed Natasha
  1517 | D:2      | Killed Natasha
  1647 | D:2      | Learned a level 2 spell: Scorch
  1837 | D:2      | You fall into a shaft and drop 2 floors!
  1846 | D:4      | Reached XP level 4. HP: 24/24 MP: 8/12
  1943 | D:4      | Noticed a scorpion
  1950 | D:4      | Killed a scorpion
  1951 | D:4      | Reached XP level 5. HP: 21/28 MP: 7/14
  1953 | D:4      | Slain by an iguana

Illustrated notes

Levels and vault maps discovered:
D:1:      sevenhm_arrival_forest_fort_large_2, layout_loops_ring,
          hellmonk_ecumenical_altar_lost_god, minmay_misc_feat_x, st_stairs_4,
          patterned_corridor
D:2:      layout_basic, uniq_natasha
D:4:      layout_layer_cave

Skill      XL: |  1  2  3  4 |
---------------+-------------+-----
Conjurations   | 2 3 |  3.1
Spellcasting   | 4 |  4.7
Fire Magic     | 4 |  4.4
Dodging        | |  2.4
Stealth        | |  2.4

Action                   |  1- 3 |  4- 6 || total
-------------------------+-------+-------++-------
Melee: Dagger            |     3 |       ||     3
 Cast: Foxfire           |    61 |    11 ||    72
       Scorch            |       |     4 ||     4
Armor: Robe              |     5 |       ||     5
Dodge: Dodged            |    13 |     3 ||    16
